 Dungeon Crawl Stone Soup version 0.23.2-11-gf996548c65 (webtiles) character file.

Game seed: 15894747033307483158

447 MalarOregon the Ruffian (level 7, -4/60 HPs)
             Began as a Ghoul Gladiator on June 3, 2019.
             Splashed by Ijyb's acid (14 damage)
             ... on level 4 of the Dungeon.
             The game lasted 00:10:55 (3014 turns).

MalarOregon the Ruffian (Ghoul Gladiator)           Turns: 3014, Time: 00:10:55

Health: -4/60      AC:  4    Str: 18    XL:     7   Next: 3%
Magic:  6/6        EV: 13    Int:  4    God:
Gold:   131        SH:  0    Dex: 11    Spells: 6/6 levels left

rFire    . . .     SeeInvis .   b - +0 blowgun
rCold    + . .     Gourm    .   (no shield)
rNeg     + + +     Faith    .   a - +0 leather armour
rPois    ∞         Spirit   .   s - +0 helmet
rElec    .         Reflect  .   j - +0 cloak
rCorr    .         Harm     .   (no gloves)
MR       .....                  f - +0 pair of boots
Stlth    +.........             (no amulet)
HPRegen  0.00/turn              d - +2 ring of protection
MPRegen  0.10/turn              (no ring)

@: corroded, rotting
A: rotting body, claws 1, carnivore, cold resistance 1, negative energy
resistance 3, inhibited regeneration, torment resistance, unbreathing
a: no special abilities


You were on level 4 of the Dungeon.
You were not hungry.

You visited 1 branch of the dungeon, and saw 4 of its levels.

You collected 148 gold pieces.
You spent 17 gold pieces at shops.

Inventory:

Hand Weapons
 b - a +0 blowgun (weapon)
   (You found it on level 3 of the Dungeon)
Missiles
 c - 3 throwing nets {!f}
 i - 21 poisoned needles (quivered)
 p - 4 tomahawks
 q - 11 javelins
Armour
 a - a +0 leather armour (worn)
 f - a +0 pair of boots (worn)
   (You found it on level 1 of the Dungeon)
 j - a +0 cloak (worn)
   (You found it on level 1 of the Dungeon)
 s - a +0 helmet (worn)
Jewellery
 d - a +2 ring of protection (left claw)
   (You found it on level 2 of the Dungeon)
Scrolls
 o - 2 scrolls of teleportation {@r4}
Potions
 h - 2 potions of heal wounds {@q2}
 k - a potion of might
 m - a potion of flight {unknown}
 n - a potion of curing {unknown}
 r - a potion of agility {unknown}
 v - a potion of haste {@q3}
Comestibles
 e - 7 rations {!d}
 g - 2 chunks of flesh


   Skills:
 + Level 4.3 Fighting
 + Level 3.5 Throwing
 + Level 4.2 Dodging
 + Level 5.0 Unarmed Combat


You had 6 spell levels left.
You didn't know any spells.
Your spell library contained the following spells:

 Spells                   Type           Power        Failure   Level  Hunger
 Poisonous Vapours        Pois/Air       #.....       71%         2    ###....
 Conjure Flame            Conj/Fire      #.......     90%         3    ####...
 Mephitic Cloud           Conj/Pois/Air  #.......     90%         3    ####...
 Freezing Cloud           Conj/Ice/Air   #.........   100%        6    #######
 Ring of Flames           Chrm/Fire      #.........   100%        7    #######


Dungeon Overview and Level Annotations

Branches:
Dungeon (4/15)
 Temple: D:4-7

Altars:
Gozag
Hepliaklqana
Yredelemnul

Shops:
D:4 ?:(

Annotations:
D:4 1 runed translucent door, Crazy Yiuf, Ijyb


Innate Abilities, Weirdness & Mutations

Your body is rotting away.
You thrive on raw meat.
You are immune to poison.
You have sharp fingernails.
You are carnivorous and can eat meat at any time.
Your flesh is cold resistant. (rC+)
You are immune to negative energy. (rN+++)
You do not regenerate when monsters are visible.
You are immune to unholy pain and torment.
You can survive without breathing.


Message History

Some of the chunks of flesh in your inventory have rotted away.
There is a stone staircase leading down here.
Some of the chunks of flesh in your inventory have rotted away.
There is a stone staircase leading up here.
You see here a +0 giant club.
i - 26 poisoned needles (gained 2)
i - 27 poisoned needles (gained 1)
i - 28 poisoned needles (gained 1)
Found a stone staircase leading up.
Ijyb the Twisted Goblin comes into view.
She is wielding a +0 club, wearing a +3 leather armour of fire resistance and carrying a wand of acid (10).
You can't see that place. [Stash: a potion of degeneration {!q}] [the floor.] Unknown command.
b - a +0 blowgun (weapon)
Ijyb shouts!
Firing (i - inventory. (/) - cycle)
i - 28 poisoned needles (quivered)
Aim: Ijyb, wielding a +0 club, wearing a +3 leather armour of fire resistance and carrying a wand of acid (10)
You shoot a poisoned needle. The poisoned needle hits Ijyb.
Ijyb is poisoned.
Firing (i - inventory. (/) - cycle)
i - 27 poisoned needles (quivered)
Aim: Ijyb, wielding a +0 club, wearing a +3 leather armour of fire resistance and carrying a wand of acid (10) (poisoned)
You shoot a poisoned needle. The poisoned needle barely misses Ijyb.
Firing (i - inventory. (/) - cycle)
i - 26 poisoned needles (quivered)
Aim: Ijyb, wielding a +0 club, wearing a +3 leather armour of fire resistance and carrying a wand of acid (10) (poisoned)
You shoot a poisoned needle.
The poisoned needle closely misses Ijyb.
Firing (i - inventory. (/) - cycle)
i - 25 poisoned needles (quivered)
Aim: Ijyb, wielding a +0 club, wearing a +3 leather armour of fire resistance and carrying a wand of acid (10) (poisoned)
You shoot a poisoned needle.
The poisoned needle completely misses Ijyb.
Ijyb zaps a wand.
The bolt of acid misses you.
Firing (i - inventory. (/) - cycle)
i - 24 poisoned needles (quivered)
Aim: Ijyb, wielding a +0 club, wearing a +3 leather armour of fire resistance and carrying a wand of acid (9) (lightly wounded, poisoned)
You shoot a poisoned needle. The poisoned needle hits Ijyb!
Ijyb looks even sicker.
Ijyb hits you but does no damage.
Firing (i - inventory. (/) - cycle)
i - 23 poisoned needles (quivered)
Aim: Ijyb, wielding a +0 club, wearing a +3 leather armour of fire resistance and carrying a wand of acid (9) (moderately wounded, poisoned)
You shoot a poisoned needle. The poisoned needle barely misses Ijyb.
Firing (i - inventory. (/) - cycle)
i - 22 poisoned needles (quivered)
Aim: Ijyb, wielding a +0 club, wearing a +3 leather armour of fire resistance and carrying a wand of acid (9) (moderately wounded, poisoned)
You shoot a poisoned needle. The poisoned needle barely misses Ijyb.
Ijyb zaps a wand.
The bolt of acid hits you!! The acid corrodes you!
You are splashed with acid!
* * * LOW HITPOINT WARNING * * *
Ijyb zaps a wand.
The bolt of acid hits you!!
* * * LOW HITPOINT WARNING * * *
You are splashed with acid!
You die...

#.#.#..##...# *,,,,,* *.#
#......#....# *..#*** *.#
#...........# *..##****** *.#
##.....#.#.## *...,,,,,,* *.#
##.#....#.####*..#*****,* *.#
****#.#.##.......,.(* *,*##.#
,,,,..#.##....###*(#* #,*#..#
***##*#.#......###g#######.##.###
#...#.....@.......##.......
###......########.#####.###
##....## ##.## ##.## #.#.##
######...###...# #.#.#
#..............# ##.#.#
#.####...###...#
#..#.####.#####.## #####
#.##.....!......#
#.##.####.#######


You could see Ijyb.

Vanquished Creatures
  Purgy (D:4)
  An ogre (D:4)
  2 hounds
  An orc priest (D:2)
  An orc wizard (D:4)
  Robin (D:2)
  5 adders
  3 worms (D:2)
  3 dart slugs
  2 leopard geckos
  4 orcs
  4 giant cockroaches
  15 goblins
  7 hobgoblins
  4 jackals (D:1)
  8 kobolds
  A quokka (D:3)
  13 bats
  3 frilled lizards
  8 rats
87 creatures vanquished.

Notes
Turn   | Place    | Note
-------+----------+-------------------------------------------
     0 | D:1      | MalarOregon the Ghoul Gladiator began the quest for the
                  | Orb.
     0 | D:1      | Reached XP level 1. HP: 17/17 MP: 0/0
   300 | D:1      | You fall through a shaft!
   308 | D:2      | Reached XP level 2. HP: 25/25 MP: 1/1
   597 | D:1      | Reached XP level 3. HP: 30/30 MP: 2/2
  1303 | D:2      | Reached XP level 4. HP: 37/37 MP: 3/3
  1398 | D:2      | Noticed Robin
  1438 | D:2      | Killed Robin
  1480 | D:2      | Reached skill level 4 in Unarmed Combat
  1497 | D:2      | Found a hazy altar of Hepliaklqana.
  1879 | D:2      | Reached XP level 5. HP: 42/45 MP: 4/4
  1977 | D:3      | Found a basalt altar of Yredelemnul.
  2111 | D:3      | Found an opulent altar of Gozag.
  2421 | D:4      | Found Sikhly's Magic Scroll Boutique.
  2480 | D:4      | Found Vicroul's Book Shoppe.
  2490 | D:4      | Found Buot's Weapon Shoppe.
  2507 | D:4      | Bought 2 javelins for 17 gold pieces
  2522 | D:4      | Noticed an ogre
  2548 | D:4      | Killed an ogre
  2548 | D:4      | Reached XP level 6. HP: 52/52 MP: 5/5
  2586 | D:4      | Noticed Purgy
  2606 | D:4      | Killed Purgy
  2658 | D:4      | Reached skill level 5 in Unarmed Combat
  2779 | D:4      | Reached XP level 7. HP: 60/60 MP: 6/6
  2842 | D:4      | Found a runed translucent door.
  2843 | D:4      | Noticed Crazy Yiuf
  3005 | D:4      | Noticed Ijyb
  3014 | D:4      | Splashed by Ijyb's acid

Skill      XL: |  1  2  3  4  5  6 |
---------------+-------------------+-----
Throwing       | 2 3 |  3.5
Dodging        | 3 4 |  4.2
Fighting       | 3 4 |  4.3
Unarmed Combat | 4 5 |  5.0

Action                   |  1- 3 |  4- 6 |  7- 9 || total
-------------------------+-------+-------+-------++-------
Melee: Unarmed           |   104 |   182 |       ||   286
       Punch             |       |     1 |       ||     1
 Fire: Blowgun           |       |    21 |     7 ||    28
Throw: Tomahawk          |       |     7 |       ||     7
       Javelin           |       |     1 |       ||     1
  Use: Scroll            |       |     8 |     2 ||    10
  Eat: Chunk             |     6 |     8 |       ||    14
Armor: Leather armour    |    32 |    73 |     1 ||   106
Dodge: Dodged            |    70 |   130 |     1 ||   201
